 Dungeon Crawl Stone Soup version 0.28.0-53-g5a82cb258f (webtiles) character file.

Game seed: 11839774915916748640

141 SanguineChosen the Covered (level 5, -1/33 HPs)
             Began as a Gargoyle Fighter on June 30, 2022.
             Slain by Robin
             ... wielding a +0 mace
              (3 damage)
             ... on level 3 of the Dungeon.
             The game lasted 00:06:56 (2595 turns).

SanguineChosen the Covered (Gargoyle Fighter)       Turns: 2595, Time: 00:06:57

Health: -1/33      AC: 11    Str: 21    XL:     5   Next: 24%
Magic:  5/5        EV:  9    Int:  9    God:
Gold:   93         SH:  4    Dex:  9    Spells: 4/4 levels left

rFire   . . .      SeeInvis .   a - +0 flail
rCold   . . .      Faith    .   c - +0 buckler
rNeg    + . .      Spirit   .   b - +0 scale mail
rPois   ∞          Reflect  .   (no helmet)
rElec   +          Harm     .   (no cloak)
rCorr   .          Rampage  .   (no gloves)
Will    .....                   (no boots)
Stlth   ..........              (no amulet)
HPRegen 0.11/turn               (no ring)
MPRegen 0.09/turn               (no ring)

@: mighty, studying Dodging
A: sickness immunity, AC +4, negative energy resistance 1, electricity
resistance, torment resistance 1, petrification resistance
a: no special abilities


You were on level 3 of the Dungeon.
You visited 1 branch of the dungeon, and saw 3 of its levels.

You collected 93 gold pieces.

Inventory:

Hand Weapons
 a - a +0 flail (weapon)
Missiles
 m - 5 poisoned darts (quivered)
Armour
 b - a +0 scale mail (worn)
 c - a +0 buckler (worn)
Wands
 n - a wand of paralysis (10)
Scrolls
 e - 3 scrolls of identify {unknown}
 i - a scroll of blinking {unknown}
 j - a scroll of fear {unknown}
 l - 2 scrolls of teleportation {unknown}
Potions
 f - 4 potions of curing {unknown}
 g - a potion of flight {unknown}
 h - a potion of brilliance {unknown}
 k - 2 potions of mutation {unknown}


   Skills:
 + Level 3.9 Fighting
 + Level 3.5 Maces & Flails
 + Level 4.2 Armour
 + Level 0.7 Dodging
 + Level 0.1 Stealth
 + Level 4.0 Shields


You had 4 spell levels left.
You didn't know any spells.
Your spell library was empty.

Dungeon Overview and Level Annotations

Branches:
Dungeon (3/15)

Altars:
Sif Muna

Annotations:
D:3 Robin


Innate Abilities, Weirdness & Mutations

You are immune to sickness and miasma.
Your stone body is resilient. (AC +4)
You are immune to poison.
You resist negative energy. (rN+)
You are resistant to electric shocks. (rElec)
You are resistant to unholy torment.
You are immune to petrification.


Message History

You kill the goblin!
Robin throws the goblin at you! The goblin hits you with a +0 club.
The goblin hits you but does no damage. x2
You hit the goblin.
You kill the goblin!
The goblin hits you with a +0 club. The goblin barely misses you.
The goblin hits you but does no damage. Robin throws the goblin at you!
The goblin barely misses you.
Things that are here:
a +0 club; a +0 dagger; a goblin corpse You closely miss the goblin.
The goblin hits you but does no damage. x2
The goblin hits you with a +0 dagger.
* * * LOW HITPOINT WARNING * * *
Aiming: Paralyse
Press: ? - help, Q - select action, (/) - cycle Shift-Dir - straight line, f - goblin
Aim: a goblin, wielding a +0 club (strong, chance to affect: 66%)
The goblin suddenly stops moving!
The goblin barely misses you. x2
You feel very mighty all of a sudden.
The goblin hits you but does no damage. x2
You sock the goblin!
You kill the goblin!
You block the goblin's attack. Robin throws the goblin at you!
The goblin closely misses you.
Things that are here:
a +0 dagger; a goblin corpse You sock the goblin!
You kill the goblin!
The goblin hits you with a +0 club.
* * * LOW HITPOINT WARNING * * *
You sock the hobgoblin!
You kill the hobgoblin!
The goblin no longer looks unusually strong.
The goblin hits you with a +0 club.
* * * LOW HITPOINT WARNING * * *
The goblin hits you but does no damage.
You hit the goblin.
You kill the goblin!
Robin hits you with a +0 mace.
You die...

....# #≈≈._.≈≈##.####.#
#.#.# ≈≈...≈≈#.>#.††.#
#.#.# ≈≈.≈≈ ####.#### #.#)#
### ≈.≈ #.# #.#.## ####.#
#'# #.#
#....#####....###.#######.#
.........#.#####g.........#
.....###.#.# #g##########
..#.####.#<#####@#
................)#
......##.#.#####.#
...........#####.#
..#.#.##..>......#
..#.#.############ ......#
..##### ..#


You could see Robin and a goblin (paralysed).

Vanquished Creatures
  A jelly (D:2)
  4 gnolls (D:3)
  2 adders
  3 worms (D:2)
  5 ball pythons
  2 endoplasms
  9 goblins
  6 hobgoblins
  6 jackals
  A bat (D:1)
  A frilled lizard (D:1)
  4 kobolds
  3 rats (D:3)
47 creatures vanquished.

Vanquished Creatures (others)
  5 toadstools (D:1)
5 creatures vanquished.

Grand Total: 52 creatures vanquished

Notes
Turn   | Place    | Note
-------+----------+-------------------------------------------
     0 | D:1      | SanguineChosen the Gargoyle Fighter began the quest for the
                  | Orb.
     0 | D:1      | Reached XP level 1. HP: 14/14 MP: 1/1
   514 | D:1      | Reached XP level 2. HP: 19/19 MP: 2/2
   588 | D:1      | Found a faded altar of an unknown god.
   820 | D:2      | Reached XP level 3. HP: 7/24 MP: 3/3
  1157 | D:2      | Reached XP level 4. HP: 23/29 MP: 4/4
  2291 | D:3      | Reached XP level 5. HP: 33/33 MP: 5/5
  2575 | D:3      | Found a shimmering blue altar of Sif Muna.
  2575 | D:3      | Noticed Robin
  2595 | D:3      | Slain by Robin

Illustrated notes

Levels and vault maps discovered:
D:1:      ldierk_walled_garden, layout_loops_ring,
          shapermc_ecumenical_altar_starsandcircs, kennysheep_pointless_box,
          patterned_corridor
D:2:      layout_rooms, minmay_misc_feat_secret_circle,
          kennysheep_generic_room_10
D:3:      layout_loops_ring, led_sif_pool, serial_shops, nicolae_lakefront_shop,
          uniq_robin

Skill      XL: |  1  2  3  4 |
---------------+-------------+-----
Armour         | 4 |  4.2
Shields        | 4 |  4.0
Maces & Flails | 3 |  3.5
Fighting       | |  3.9
Dodging        | |  0.7
Stealth        | |  0.1

Action                   |  1- 3 |  4- 6 || total
-------------------------+-------+-------++-------
Melee: Flail             |    46 |    99 ||   145
Evoke: Wand              |       |     1 ||     1
  Use: Potion            |       |     1 ||     1
Armor: Scale mail        |    23 |    60 ||    83
Dodge: Dodged            |    22 |    47 ||    69
Block: Buckler           |    11 |    23 ||    34
